 Dungeon Crawl Stone Soup version 0.32-a0-558-g233958a4c4 (webtiles) character file.

Game seed: 6739211772055864463

3 Goblin1989 the Sneak (level 1, -5/18 HPs)
             Began as a Demonspawn Delver on Mar 2, 2024.
             Slain by a wyvern (9 damage)
             ... on level 5 of the Dungeon.
             The game lasted 00:02:18 (210 turns).

Goblin1989 the Sneak (Demonspawn Delver)             Turns: 210, Time: 00:02:18

Health: -5/18      AC:  3    Str: 12    XL:     1   Next: 41%
Magic:  1/1        EV: 11    Int: 10    God:
Gold:   0          SH:  0    Dex: 14    Spells: 0/0 levels left

rFire   . . .        a - +0 mace
rCold   . . .        (no shield)
rNeg    . . .        b - +0 leather armour
rPois   .            (no helmet)
rElec   .            (no cloak)
rCorr   .            (no gloves)
SInv    .            (no boots)
Will    .....        (no amulet)
Stlth   ++           (no ring)
HPRegen 0.23/turn    (no ring)
MPRegen 0.07/turn

%: no passive effects
@: no status effects
A: no striking features
a: no special abilities


You were on level 5 of the Dungeon.
You visited 1 branch of the dungeon, and saw 1 of its levels.

Inventory:

Hand Weapons
 a - a +0 mace (weapon)
Armour
 b - a +0 leather armour (worn)
 h - a +0 kite shield
Wands
 g - a wand of digging (3) {@v3}
Scrolls
 c - a scroll of fog
 e - a scroll of fear
Potions
 f - a potion of haste {@q3,}
 i - a potion of brilliance {unknown}


   Skills:
 - Level 3.0 Fighting
 + Level 2.1 Maces & Flails
 - Level 1.7 Dodging
 - Level 4.5 Stealth


You couldn't memorise any spells.
You didn't know any spells.
Your spell library was empty.

Dungeon Overview and Level Annotations

Branches:
Dungeon (5/15) Zot: 5786
 Temple: D:4-7

Altars:
Sif Muna
Uskayaw


Message History

Bad monster_list_colour key: strict_neutral Options error: Unknown explore stop condition 'gates' (Goblin1989.rc:83) Welcome, Goblin1989 the Demonspawn Delver.
Below lies the Orb of Zot, rumoured to be powerful enough to resurrect a god...
Press ? for a list of commands and other information.
Found a stone staircase leading down.
Found a hide-covered altar of Uskayaw.
Found a shimmering blue altar of Sif Muna.
There is a hide-covered altar of Uskayaw here.
You open the door.
There is an open door here.
An ogre comes into view. It is wielding a +0 giant club.
There is an open door here.
A hound comes into view.
A jackal comes into view.
Found 17 gold pieces.
The jackal barely misses you.
You hit the jackal.
The jackal is severely wounded.
The jackal bites you.
You take 2 damage, and have 16/18 hp.
You sock the jackal!
You kill the jackal!
Health restored: 18 You open the door.
A bombardier beetle and a jackal come into view.
The jackal barks!
You close the door.
As you read the scroll of revelation, it crumbles to dust.
You feel aware of your surroundings.
You sensed 1 altar.
Found a kite shield.
A howler monkey and an orc come into view.
Found a stone staircase leading down.
You see here a +0 kite shield.
h - a +0 kite shield
Found a glowing silver altar of Zin.
Found a clear potion.
An orc comes into view. It is wielding a +0 dagger.
You closely miss the orc.
The orc shouts!
The orc barely misses you. x2
You hit the orc but do no damage. The orc hits you with a +0 dagger.
You take 1 damage, and have 17/18 hp.
You hit the orc.
The orc is heavily wounded.
The orc hits you with a +0 dagger.
You take 2 damage, and have 15/18 hp.
You hit the orc.
The orc is almost dead.
The orc hits you with a +0 dagger. The orc completely misses you.
You take 1 damage, and have 14/18 hp.
You hit the orc but do no damage.
The orc is almost dead.
The orc hits you but does no damage.
You closely miss the orc.
The orc is almost dead.
The orc hits you with a +0 dagger.
You take 2 damage, and have 12/18 hp.
You hit the orc.
You kill the orc!
Your Maces & Flails skill increases to level 2!
You see here a clear potion.
i - a clear potion A wyvern comes into view.
Found a robe.
Health restored: 18
Found a stone staircase leading up.
The wyvern attacks as it pursues you! The wyvern barely misses you.
The wyvern attacks as it pursues you! The wyvern completely misses you.
The wyvern bites you!
Ouch! That really hurt!
* * * LOW HITPOINT WARNING * * *
You take 15 damage, and have 3/18 hp.
MASSIVE DAMAGE!!
There is a stone staircase leading up here.
The wyvern barely misses you. The wyvern bites you!
Ouch! That really hurt!
You die...

▓·····▓▓····▓▓▓▓▓██████████...█
▓·····▓▓····▓▓···........██...█
▓················..............
▓·····▓···▓▓·▓···........█...B█
▓▓▓▓▲▓·····▓·▓···........█.....
▓·▓··▓▓·▓·▓···...........█..
▓>············..............
▓▓▓·▓▓▓·▓·███████████....█..
▓·▓▓··▓·█@k..█ ████.....h.
▓·▓▓·▓▓·████.███..........
▓·▓▓·▓▓·█.................
▓·▓▓·▓▓·█.██.███........o.
▓·▓▓···..·................
▓▓▓▓▓▓▓▓·▓▓▓▓█..............[.█▲█
·········▓▓▓▓█.....████████████·▓
▓▓▓▓▓▓▓▓▓▓···..█...··············
······▓▓▓▓·▓▓█·█.██·▓▓▓▓▓▓▓▓▓▓▓▓▓


You could see a wyvern.

Vanquished Creatures
  An orc (D:5)
  A jackal (D:5)
2 creatures vanquished.

Notes
Turn   | Place    | Note
-------+----------+-------------------------------------------
     0 | D:5      | Goblin1989 the Demonspawn Delver began the quest for the
                  | Orb.
     0 | D:5      | Reached XP level 1. HP: 18/18 MP: 1/1
     6 | D:5      | Found a hide-covered altar of Uskayaw.
     9 | D:5      | Found a shimmering blue altar of Sif Muna.
    53 | D:5      | Noticed an ogre
    69 | D:5      | Noticed a hound
   124 | D:5      | Noticed a bombardier beetle
   149 | D:5      | Noticed a howler monkey
   197 | D:5      | Noticed a wyvern
   210 | D:5      | Slain by a wyvern

Illustrated notes

Levels and vault maps discovered:
D:5:      minmay_razor_zed, layout_basic, mainiacjoe_overflow_alcove_1,
          minitemple, uniq_prince_ribbit1

Skill      XL: |  1 |
---------------+----+-----
Maces & Flails | 2 |  2.1
Fighting       | |  3.0
Dodging        | |  1.7
Stealth        | |  4.5

Action                     || total
---------------------------++-------
  Melee: Mace              ||     9
    Use: Scroll            ||     1
 Armour: Leather armour    ||     8
  Dodge: Dodged            ||     7

Table legend: (Time is in decaauts)
 A = Elapsed time spent in this place.
 B = Non-inter-level travel time spent in this place.
 C = Inter-level travel time spent in this place.
 D = Time resting spent in this place.
 E = Time spent auto-exploring this place.
 F = Levels seen in this place.
 G = Mean time per level.
                   A        B        C        D        E       F      G
               +--------+--------+--------+--------+--------+-----+--------+
         Total |    212 |    212 |      0 |      0 |      0 |   1 |  212.0 |
       Dungeon |    212 |    212 |      0 |      0 |      0 |   1 |  212.0 |
               +--------+--------+--------+--------+--------+-----+--------+

Top non-repeatable levels by time:
     D:5: 212 daAuts
